 Dungeon Crawl Stone Soup version 0.31.0-11-ge490571c62 (webtiles) character file.

Game seed: 8110327699434831853

186 Gadfly the Ruffian (level 5, -12/38 HPs)
             Began as a Demonspawn Shapeshifter on Jan 27, 2024.
             Blown up by Ijyb (19 damage)
             ... with a mindburst bolt
             ... on level 3 of the Dungeon.
             The game lasted 00:03:12 (2625 turns).

Gadfly the Ruffian (Demonspawn Shapeshifter)        Turns: 2625, Time: 00:03:13

Health: -12/38     AC:  2    Str: 15 (16) XL:     5   Next: 38%
Magic:  5/5        EV: 12    Int:  8 (10) God:
Gold:   143        SH:  0    Dex: 12 (13) Spells: 4/4 levels left

rFire   . .          .
                       - Unarmed
rCold   . . .        (no shield)
rNeg    . . .        a - +0 animal skin
rPois   .            i - melded +0 helmet
rElec   .            (cloak currently unavailable)
rCorr   .            (gloves currently unavailable)
SInv    .            (boots currently unavailable)
Will    .....        (no amulet)
Stlth   +            (no ring)
HPRegen 0.26/turn    (no ring)
MPRegen 0.09/turn

%: no passive effects
@: beast-form
A: beast (slay +1), antennae 1, claws 2
a: Begin Untransformation


You were on level 3 of the Dungeon.
You were a hulking beast.
You visited 1 branch of the dungeon, and saw 3 of its levels.

You collected 143 gold pieces.

Inventory:

Armour
 a - a +0 animal skin (worn)
 i - a +0 helmet (melded)
Talismans
 c - a beast talisman (active)
 d - a flux talisman
Scrolls
 j - a scroll of enchant weapon {unknown}
Potions
 b - a potion of lignification
 e - a potion of enlightenment {unknown}
 f - a potion of ambrosia {unknown}
 g - a potion of invisibility {unknown}
 h - a potion of curing {unknown}


   Skills:
 + Level 2.1 Fighting
 * Level 3.1 Dodging
 + Level 3.2 Unarmed Combat
 * Level 2.5 Evocations
 + Level 3.1 Shapeshifting


You had 4 spell levels left.
You didn't know any spells.
Your spell library contained the following spells:

 Spells                   Type           Power      Damage    Failure   Level
 Kiss of Death            Conj/Necr      0%         2d5       41%         1
 Magic Dart               Conj           0%         1d3       41%         1
 Blink                    Tloc           0%         N/A       54%         2
 Call Imp                 Summ           0%         N/A       54%         2
 Scorch                   Fire           0%         2d5       54%         2
 Confusing Touch          Hex            0%         N/A       78%         3
 Dispel Undead            Necr           0%         3d6       99%         4
 Flame Wave               Conj/Fire      0%         2d4       99%         4
 Summon Cactus Giant      Summ           0%         N/A       100%        6


Dungeon Overview and Level Annotations

Branches:
Dungeon (3/15)

Altars:
Kikubaaqudgha

Shops:
D:2 (

Annotations:
D:3 Ijyb


Innate Abilities, Weirdness & Mutations

You are a hulking beast.
Your limbs bulge with bestial killing power. (Slay +1)
You have a pair of small antennae on your head.
You have very sharp fingernails.


Message History

The bat is severely wounded.
The bat hits you.
Ijyb zaps a wand.
Your mind is blasted!
You are too injured to fight recklessly!
You are too injured to fight recklessly!
You are too injured to fight recklessly!
You are too injured to fight recklessly!
You are too injured to fight recklessly!
You are too injured to fight recklessly!
You are too injured to fight recklessly!
You are too injured to fight recklessly!
You are too injured to fight recklessly!
You are too injured to fight recklessly!
You are too injured to fight recklessly!
You are too injured to fight recklessly!
You are too injured to fight recklessly!
You are too injured to fight recklessly!
You are too injured to fight recklessly!
You are too injured to fight recklessly!
You are too injured to fight recklessly!
You are too injured to fight recklessly!
Unknown command.
The bat attacks as it pursues you! The bat misses you.
The bat hits you but does no damage. The bat hits you but does no damage.
The bat attacks as it pursues you! The bat barely misses you. x3
Ijyb screams, "It's all mine!"
The bat hits you.
You scratch the bat.
You kill the bat!
Ijyb zaps a wand.
Your mind is blasted!
You see here a bat corpse.
You scratch Ijyb.
Ijyb is lightly wounded.
Ijyb zaps a wand.
Your mind is blasted!
* * * LOW HITPOINT WARNING * * *
You scratch Ijyb.
Ijyb is moderately wounded.
Ijyb zaps a wand.
Your mind is blasted!
Ouch! That really hurt!
You die...

.~....## #.###.###........#
.~~~~..# #.# #..##.##...###
.~≈≈~~.##### #.###...)..<....#
.~~~≈~.....###.......)....##.#
.~.~~..###.....######..#### ..
.~.....###.###.# #.....# #.#
~....⌠.....)...# #..##.# ..
..##....#####..#####.## ...
..# ## ##..†#####.#.h....# ###
........#....g####.#
###..........#.## #.#
#####......#..#...#
#.#....##b....#
..##.#........# ###...g##....#
###........... #..........##


You could see Ijyb.

Vanquished Creatures
  Jessica (D:3)
  Terence (D:2)
  Natasha (thrice) (D:2)
  An adder (D:3)
  An orc (D:3)
  2 ball pythons (D:2)
  4 bats
  9 endoplasms
  2 giant cockroaches (D:2)
  3 goblins
  7 hobgoblins
  5 jackals
  A quokka (D:2)
  4 frilled lizards
  4 kobolds
  3 rats
51 creatures vanquished.

Notes
Turn   | Place    | Note
-------+----------+-------------------------------------------
     0 | D:1      | Gadfly the Demonspawn Shapeshifter began the quest for the
                  | Orb.
     0 | D:1      | Reached XP level 1. HP: 15/15 MP: 1/1
   210 | D:1      | Discovered your monstrous ancestry.
   210 | D:1      | Gained mutation: You have sharp fingernails. [demonic
                  | ancestry]
   210 | D:1      | Reached XP level 2. HP: 9/21 MP: 2/2
   308 | D:1      | Reached skill level 1 in Evocations
  1149 | D:2      | Found Qiast's Antique Weapon Shop.
  1185 | D:2      | Reached XP level 3. HP: 26/26 MP: 3/3
  1728 | D:2      | Noticed Natasha
  1732 | D:2      | Killed Natasha
  1818 | D:2      | Noticed Natasha
  1833 | D:2      | Killed Natasha
  1834 | D:2      | Gained mutation: You have a pair of small antennae on your
                  | head. [demonic ancestry]
  1834 | D:2      | Reached XP level 4. HP: 12/33 MP: 4/4
  1859 | D:2      | Noticed Natasha
  1869 | D:2      | Killed Natasha
  2052 | D:2      | Noticed Terence
  2063 | D:2      | Killed Terence
  2064 | D:2      | Gained mutation: You have very sharp fingernails. [demonic
                  | ancestry]
  2064 | D:2      | Reached XP level 5. HP: 5/38 MP: 5/5
  2326 | D:3      | Noticed Jessica
  2339 | D:3      | Killed Jessica
  2536 | D:3      | Found an ancient bone altar of Kikubaaqudgha.
  2611 | D:3      | Noticed Ijyb
  2625 | D:3      | Blown up by Ijyb

Illustrated notes

Levels and vault maps discovered:
D:1:      evilmike_arrival_plus, layout_loops_ring, minmay_crystal_room
D:2:      layout_basic, serial_shops, nicolae_shop_just_a_little_nook,
          uniq_natasha, uniq_terence
D:3:      layout_rooms, kiku_gazebo_pond_becter, nicolae_nh_oracle_at_delphi,
          uniq_jessica, uniq_sigmund, uniq_ijyb

Skill      XL: |  1  2  3  4  5 |
---------------+----------------+-----
Dodging        | 2 3 |  3.1
Evocations     | 1 2 |  2.5
Unarmed Combat | 3 |  3.2
Shapeshifting  | 3 |  3.1
Fighting       | 2 |  2.1

Action                     |  1- 3 |  4- 6 || total
---------------------------+-------+-------++-------
  Melee: Unarmed           |    98 |    63 ||   161
         Punch             |     1 |       ||     1
Ability: Begin Untransform |     1 |       ||     1
    Use: Scroll            |     2 |       ||     2
         Potion            |       |     1 ||     1
   Stab: Sleeping          |     3 |       ||     3
 Armour: Animal skin       |    43 |    27 ||    70
  Dodge: Dodged            |    50 |    35 ||    85
   Form: Beast             |     1 |       ||     1
